Kradschützen Motorcycle Team
Construct Light Support Kompanie
Selects L6/40 Light Tank Combat Group
L6/40 Light Tank Combat Group
Construct Mechanized Kompanie
Panzerjäger Mechanized Group
Selects Defensive Operations
Selects Prepared Positions
Construct Panzerarmee Kommand
Selects Obice 305mm Barrage
Selects Towed Cannone da 105/28 Field Howitzer